 Dungeon Crawl Stone Soup version 0.19.0 (webtiles) character file.

441 AlphabetPasta the Charlatan (level 7, 0/61 HPs)
             Began as a Gargoyle Artificer on Nov 13, 2016.
             Was an Initiate of Vehumet.
             Slain by an ogre
             ... wielding a cursed -2 giant club
              (1 damage)
             ... on level 5 of the Dungeon on Nov 14, 2016.
             The game lasted 00:17:04 (4078 turns).

AlphabetPasta the Charlatan (Gargoyle Artificer)    Turns: 4078, Time: 00:17:04

Health: 0/61       AC:  8    Str: 20    XL:     7   Next: 2%
Magic:  10/10      EV: 12    Int: 14    God:    Vehumet [......]
Gold:   322        SH:  0    Dex: 10    Spells: 0 memorised, 10 levels left

rFire  . . .     SeeInvis .     t - +0 flail
rCold  . . .     Gourm    .     k - +1 robe
rNeg   + . .     Faith    .     (no shield)
rPois  ∞         Spirit   .     w - +0 helmet
rElec  +         Reflect  .     (no cloak)
rCorr  .         Harm     .     (no gloves)
MR     .....                    (no boots)
Stlth  ..........               (no amulet)
                                (no ring)
                                (no ring)

@: berserking, very quick
A: negative energy resistance 1, electricity resistance, unbreathing,
petrification resistance, rot immunity, AC +4
a: Renounce Religion


You were on level 5 of the Dungeon.
You worshipped Vehumet.
Vehumet was noncommittal.
You were not hungry.

You visited 1 branch of the dungeon, and saw 5 of its levels.

You collected 322 gold pieces.

Inventory:

Hand Weapons
 a - a +1 short sword
 t - a +0 flail (weapon)
Missiles
 h - 133 stones
 n - 2 javelins (quivered)
Armour
 b - a +0 leather armour
 k - a +1 robe (worn)
 w - a +0 helmet (worn)
Jewellery
 v - an uncursed ring of wizardry {unknown}
Wands
 c - a wand of flame (3/48)
 d - a wand of enslavement (13/24)
 e - a wand of random effects (13/48)
Scrolls
 p - a scroll of fear
 q - a scroll of amnesia
 x - 2 scrolls of fog
Potions
 g - a potion of ambrosia {unknown}
 i - a potion of brilliance
 l - a potion of curing
 o - a potion of berserk rage
 r - 2 potions of heal wounds {unknown}
 s - a potion of degeneration {unknown}
 u - a potion of magic {unknown}
Comestibles
 f - 4 bread rations
 j - 2 meat rations
 m - 2 fruits
 A - a beef jerky


   Skills:
 + Level 3.2 Fighting
 - Level 0.8 Short Blades
 + Level 1.6 Maces & Flails
 + Level 2.8 Dodging
 + Level 3.5 Stealth
 + Level 2.2 Spellcasting
 + Level 4.0 Evocations


You had 10 spell levels left.
You didn't know any spells.

Dungeon Overview and Level Annotations

Branches:
Dungeon (5/15)             Temple (0/1) D:5

Altars:
Ashenzari
Dithmenos
Gozag
Uskayaw
Vehumet
Zin


Innate Abilities, Weirdness & Mutations

You are resistant to torment.
Your stone body is resilient. (AC +4)
You are immune to poison.
You resist negative energy. (rN+)
You are resistant to electric shocks. (rElec)
You can survive without breathing.
You are immune to petrification.
You are immune to rotting.


Message History

The ogre is heavily wounded.
Throwing (i - inventory. (,) - cycle):
n - 3 javelins (quivered)
Press: ? - help, Shift-Dir - straight line, f/p - ogre
Aim: an ogre, wielding a giant club (heavily wounded)
You throw a javelin. The javelin hits the ogre.
The ogre is heavily wounded.
The ogre hits you with a giant club!
* * * LOW HITPOINT WARNING * * *
Evoke which item? (* to show all) (? for menu, Esc to quit)
Zapping:
d - a wand of enslavement (14/24)
Press: ? - help, Shift-Dir - straight line, f/p - ogre
Aim: an ogre, wielding a giant club (heavily wounded, chance to defeat MR: 54%)
The ogre resists with significant effort.
This wand has 13 charges left.
A red film seems to cover your vision as you go berserk!
You feel yourself moving faster!
You feel mighty! The ogre barely misses you.
You sock the ogre!
The ogre is almost dead.
The ogre hits you with a giant club.
You die...

###########
#.........#######.#
#.#######(.........
#.# #########.# #.#
#.#
###.############
#...)..)@OW(.(.(
#.>.############
###.# #.# #a#


Wo. .o... ......# ........ You could see a phantom and an ogre.

Vanquished Creatures
  An ice beast (D:5)
  A bullfrog (D:4)
  A scorpion (D:5)
  A bullfrog skeleton (D:5)
  A worker ant (D:5)
  Robin (D:3)
  10 adders
  An adder skeleton (D:5)
  A worm (D:2)
  2 dart slugs (D:1)
  A leopard gecko (D:5)
  8 orcs
  A ball python (D:2)
  2 giant cockroaches (D:2)
  11 goblins
  6 hobgoblins
  8 jackals
  5 kobolds
  A quokka (D:2)
  7 bats
  6 frilled lizards
  A jackal zombie (D:3)
  4 rats
81 creatures vanquished.

Vanquished Creatures (others)
  An orc (D:5)
1 creature vanquished.

Grand Total: 82 creatures vanquished

Notes
Turn   | Place    | Note
-------+----------+-------------------------------------------
     0 | D:1      | AlphabetPasta the Gargoyle Artificer began the quest for the Orb.
     0 | D:1      | Reached XP level 1. HP: 12/12 MP: 2/2
    35 | D:1      | Found a shattered altar of Ashenzari.
   361 | D:1      | Reached XP level 2. HP: 8/16 MP: 4/4
   364 | D:1      | Reached skill level 3 in Evocations
   932 | D:2      | Reached XP level 3. HP: 21/21 MP: 5/5
  1004 | D:2      | Reached skill level 1 in Spellcasting
  1187 | D:2      | Found a shadowy altar of Dithmenos.
  1270 | D:2      | Reached XP level 4. HP: 26/26 MP: 6/6
  2432 | D:3      | Reached XP level 5. HP: 22/31 MP: 7/7
  2553 | D:3      | Noticed Robin
  2567 | D:3      | Killed Robin
  2848 | D:4      | Found a radiant altar of Vehumet.
  2852 | D:4      | Found a glowing silver altar of Zin.
  2856 | D:4      | Became a worshipper of Vehumet
  3131 | D:4      | Reached skill level 1 in Maces & Flails
  3131 | D:4      | Reached XP level 6. HP: 16/36 MP: 8/8
  3227 | D:4      | Found a shattered altar of Ashenzari.
  3268 | D:4      | Found an opulent altar of Gozag.
  3268 | D:4      | Found a hide-covered altar of Uskayaw.
  3392 | D:5      | Entered Level 5 of the Dungeon
  3392 | D:5      | Found a staircase to the Ecumenical Temple.
  3449 | D:5      | Noticed an ice beast
  3460 | D:5      | Killed an ice beast
  4018 | D:5      | Reached skill level 4 in Evocations
  4026 | D:5      | Noticed a phantom
  4053 | D:5      | Reached XP level 7. HP: 24/41 MP: 10/10
  4075 | D:5      | HP: 1/41 [ogre/giant club (17)]
  4078 | D:5      | Slain by an ogre

Skill      XL: |  1  2  3  4  5  6 |
---------------+-------------------+-----
Evocations     | 3 4 |  4.0
Spellcasting   | 1 2 |  2.2
Fighting       | 2 3 |  3.2
Dodging        | 2 |  2.8
Stealth        | 2 3 |  3.5
Maces & Flails | 1 |  1.6
Short Blades   | |  0.8

Action                   |  1- 3 |  4- 6 |  7- 9 || total
-------------------------+-------+-------+-------++-------
Melee: Short sword       |    71 |    62 |       ||   133
       Flail             |       |   150 |    17 ||   167
Throw: Javelin           |     7 |    23 |     5 ||    35
Evoke: Wand              |       |    14 |     2 ||    16
  Use: Scroll            |     7 |     8 |       ||    15
       Potion            |       |       |     1 ||     1
 Stab: Sleeping          |     8 |     4 |       ||    12
  Eat: Chunk             |     1 |     5 |       ||     6
       Meat ration       |       |     1 |       ||     1
Armor: Robe              |    15 |    90 |     5 ||   110
       Leather armour    |     3 |       |       ||     3
Dodge: Dodged            |    36 |   176 |    11 ||   223
